cohdb
Replays
Latest Replays
All Replays
Popular Replays
Top Player Replays
Match Explorer
How It Works
Community
CoH3 Stats
Reddit
Sign in to upload your games and track your stats! →
Sign in with Steam
Match 45946791
Unlisted
Match 45946791
Overview
Messages
Build Orders
End
Kradschützen Motorcycle Team
Selects Panzerjäger Kommand Battlegroup
Kradschützen Motorcycle Team
Selects Blockade Equipment
Panzergrenadier Squad
250 Light Carrier
Panzergrenadier Squad
Construct Light Support Kompanie
Selects GrB 39 Grenade Launcher Requisition
Combat Half-tracks
Assault Mechanized Group
Panzerjäger Squad
Selects Defensive Positions
Construct Mechanized Kompanie
8 Rad Armored Car
Assault Mechanized Group
Marder III Tank Destroyer
Veteran Squad Leaders
2.5-tonne Medical Truck
Panzergrenadier Squad
Assault Mechanized Group
Selects Crew Shock Tactics
Marder III Tank Destroyer
Johann von Floydmann
Max1boy
0
0
Comments
sign in to comment!
No comments posted yet!